AoeStats
← Ken

Arena

506624334Analyzed
1v1 RM · 17d ago on Sep 14, 2026· 46m 21s· 2 players
Game mode
Random Map
Map size
Tiny (2 player)
Population
200
Speed
Normal
Resources
Standard
Victory
Conquest
Starting age
Dark Age
Ending age
Imperial Age
RankedLock teamsTeams togetherTeam positionsShared explorationLock speedFull tech treeHidden civsTurbo modeCheats
Victory
Defeat
🇨🇳 Bulgarians · China
993
+14
🇪🇸 Chinese · Spain
942
-14
adrisua88
1:09 Loom
10:31 Feudal Age
11:03 Double-Bit Axe
12:29 Wheelbarrow
11:58 Gold Mining
13:21 Horse Collar
20:01 Castle Age
18:14 Stone Mining
18:49 Forging
21:08 Bow Saw
20:37 Light Cavalry
21:43 Scale Mail Armor
23:16 Heavy Plow
24:08 Husbandry
25:43 Stone Shaft Mining
25:45 Gold Shaft Mining
25:21 Fletching
27:10 Hand Cart
26:36 Crossbowman
28:06 Bodkin Arrow
29:31 Pikeman
31:51 Chain Mail Armor
31:27 Town Watch
33:04 Iron Casting
35:15 Imperial Age
33:14 Ballistics
33:05 Fortified Wall
33:28 Bloodlines
37:05 Two-Man Saw
37:40 Blast Furnace
36:12 Heavy Scorpion
38:22 Chemistry
38:14 Scale Barding Armor
39:34 Masonry
40:51 Plate Mail Armor
41:22 Architecture
42:49 Heavy Rocket Cart
44:34 Chain Barding Armor
Ken
10:56 Feudal Age
10:21 Loom
15:29 Castle Age
13:47 Double-Bit Axe
14:07 Horse Collar
17:13 Bow Saw
17:46 Loom
24:24 Husbandry
26:10 Heavy Plow
30:39 Imperial Age
28:16 Stone Mining
28:49 Scale Barding Armor
29:36 Wheelbarrow
30:44 Bloodlines
30:55 Chain Barding Armor
30:46 Forging
31:53 Conscription
31:55 Stirrups
33:09 Gambesons
33:24 Squires
33:27 Scale Mail Armor
33:17 Fletching
35:26 Chain Mail Armor
35:13 Padded Archer Armor
35:11 Gold Mining
36:26 Plate Barding Armor
36:48 Crop Rotation
36:58 Cavalier
38:32 Elite Skirmisher
40:20 Iron Casting
40:13 Bodkin Arrow
42:03 Gold Shaft Mining
42:03 Stone Shaft Mining
43:01 Chemistry
42:22 Ballistics
41:58 Murder Holes
44:28 Blast Furnace
43:29 Bracer
Connection lost

Rejoining the realm…

Still unreachable

The connection could not be restored.

Session expired

The server has moved on; the page needs a fresh start.